AoeStats
← tbzachary

QS Arena

503695292Analyzed
1v1 RM · 1mo ago on Sep 1, 2026· 99m 58s· 2 players
Game mode
Random Map
Map size
Tiny (2 player)
Population
200
Speed
Normal
Resources
Standard
Victory
Conquest
Starting age
Dark Age
Ending age
Imperial Age
RankedLock teamsTeams togetherTeam positionsShared explorationLock speedFull tech treeHidden civsTurbo modeCheats
Victory
Defeat
🇨🇱 Byzantines · Chile
741
+16
🇺🇸 Slavs · United States
745
-16
ian.alejandro.r
3:52 Loom
9:27 Feudal Age
15:47 Castle Age
15:34 Double-Bit Axe
15:36 Horse Collar
17:58 Heavy Plow
18:10 Bow Saw
17:50 Loom
21:28 Pikeman
21:54 Gambesons
22:10 Squires
21:56 Arson
22:09 Treadmill Crane
28:08 Scale Mail Armor
30:56 Chain Mail Armor
30:52 Forging
33:03 Forging
33:07 Stone Mining
37:55 Imperial Age
36:03 Wheelbarrow
35:49 Gold Mining
36:42 Scale Barding Armor
38:27 Iron Casting
40:01 Heavy Camel Rider
40:54 Husbandry
40:57 Halberdier
43:36 Plate Mail Armor
43:33 Chain Barding Armor
43:44 Plate Mail Armor
49:36 Guilds
51:45 Fletching
52:32 Plate Barding Armor
53:08 Conscription
53:25 Light Cavalry
54:37 Hand Cart
55:12 Elite Cataphract
59:00 Logistica
59:46 Bodkin Arrow
tbzachary
2:48 Loom
8:52 Feudal Age
12:38 Double-Bit Axe
15:56 Castle Age
14:46 Horse Collar
17:19 Bow Saw
19:06 Bloodlines
18:56 Husbandry
19:07 Scale Barding Armor
22:23 Detinets
23:39 Gold Mining
27:55 Gold Shaft Mining
27:11 Stone Mining
32:47 Imperial Age
33:08 Chain Barding Armor
32:59 Forging
37:24 Iron Casting
38:50 Chemistry
39:16 Scale Mail Armor
40:16 Blast Furnace
39:00 Pikeman
39:40 Squires
41:10 Ballistics
41:53 Elite Boyar
42:38 Halberdier
46:23 Chain Mail Armor
46:44 Plate Barding Armor
47:50 Druzhina
51:29 Capped Ram
55:36 Heavy Scorpion
66:03 Siege Ram
71:31 Siege Engineers
72:10 Light Cavalry
76:49 Hussar
83:09 Two-Man Saw
83:21 Plate Mail Armor
90:15 Siege Ram
98:49 Fletching
98:59 Padded Archer Armor
Connection lost

Rejoining the realm…

Still unreachable

The connection could not be restored.

Session expired

The server has moved on; the page needs a fresh start.